 Dungeon Crawl Stone Soup version 0.31-a0-983-g7b6862f502 (webtiles) character file.

Game seed: 10546555465938307891

76306 gruber the Unseen (level 15, -2/72 (75) HPs)
             Began as a Vine Stalker Fighter on Nov 2, 2023.
             Was an Elder of Uskayaw.
             Killed from afar by Jorgrun (16 damage)
             ... with a blast of rock fragments
             ... on level 12 of the Dungeon.
             The game lasted 00:31:03 (19730 turns).

gruber the Unseen (Vine Stalker Fighter)           Turns: 19730, Time: 00:31:03

HP:   -2/72 (75)    AC: 19    Str: 20    XL:     15   Next: 53%
MP:   0/25          EV: 13    Int:  8    God:    Uskayaw [****..]
Gold: 1810          SH: 10    Dex: 20    Spells: 14/14 levels left

rFire   . . .        Z - +0 dagger (elec)
rCold   . . .        c - +0 buckler
rNeg    . . .        I - +0 swamp dragon scales
rPois   +            L - +1 hat
rElec   .            X - +1 cloak
rCorr   .            K - +0 pair of gloves
SInv    .            (no boots)
Will    +....        E - amulet of reflection
Stlth   ++++++       l - +4 ring of slaying
HPRegen 1.12/turn    s - +4 ring of protection
MPRegen 0.19/turn

%: reflection, guardian spirit
@: grasped by roots, constricted, lightly drained
A: fangs 3, regeneration 1, magic shield, antimagic bite, no potion heal 2
a: Renounce Religion, Stomp, Line Pass


You were on level 12 of the Dungeon.
You worshipped Uskayaw.
Uskayaw was pleased with you.
You visited 3 branches of the dungeon, and saw 18 of its levels.

You collected 1810 gold pieces.

Inventory:

Hand Weapons
 f - a +0 vampiric dagger
 j - a +1 dagger of speed
 y - a +0 short sword of electrocution
 Z - a +0 dagger of electrocution (weapon)
Missiles
 b - 25 poisoned darts (quivered)
 h - a throwing net
Armour
 c - a +0 buckler (worn)
 v - a +3 leather armour of fire resistance
 I - +0 swamp dragon scales (worn)
 K - a +0 pair of gloves (worn)
 L - a +1 hat (worn)
 X - a +1 cloak (worn)
Jewellery
 d - a ring of fire
 l - a +4 ring of slaying (left hand)
 s - a +4 ring of protection (right hand)
 z - a ring of ice
 E - an amulet of reflection (around neck)
 F - a ring of poison resistance
 G - a ring of positive energy
 M - a ring of magical power
Wands
 w - a wand of paralysis (8)
 B - a wand of light (32)
 H - a wand of iceblast (20)
 N - a wand of flame (36)
 O - a wand of polymorph (13)
Scrolls
 g - 3 scrolls of fear {unknown}
 k - 10 scrolls of teleportation
 n - 4 scrolls of enchant armour {unknown}
 p - 4 scrolls of immolation {unknown}
 t - 4 scrolls of poison {unknown}
 u - 3 scrolls of vulnerability {unknown}
 A - 3 scrolls of revelation {unknown}
 Q - 2 scrolls of amnesia {unknown}
 R - 2 scrolls of fog {unknown}
 S - a scroll of brand weapon {unknown}
 U - a scroll of blinking
 V - 3 scrolls of noise {unknown}
 W - a scroll of enchant weapon
 Y - a scroll of butterflies
Potions
 a - 3 potions of ambrosia
 e - 13 potions of curing
 i - 5 potions of lignification
 o - a potion of cancellation
 q - 5 potions of brilliance
 r - 3 potions of resistance
 x - a potion of berserk rage
 C - a potion of haste
 D - 3 potions of enlightenment
 T - 2 potions of attraction
Miscellaneous
 P - a phial of floods


   Skills:
 - Level 7.3 Fighting
 - Level 11.2 Short Blades
 - Level 10.0 Armour
 - Level 8.1 Dodging
 * Level 16.9 Stealth
 - Level 2.6 Shields
 - Level 13.0 Invocations


You had 14 spell levels left.
You didn't know any spells.
Your spell library contained the following spells:

 Spells                   Type           Power      Damage    Failure   Level
 Apportation              Tloc           0%         N/A       63%         1
 Necrotise                Necr           0%         1d4       63%         1
 Slow                     Hex            0%         N/A       63%         1
 Summon Small Mammal      Summ           0%         N/A       63%         1
 Blink                    Tloc           0%         N/A       77%         2
 Cigotuvi's Dreadful Rot  Necr/Pois/Air  0%         N/A       77%         2
 Ensorcelled Hibernation  Hex/Ice        0%         N/A       77%         2
 Lesser Beckoning         Tloc           0%         N/A       77%         2
 Momentum Strike          Conj/Tloc      0%         3d8       77%         2
 Passwall                 Tmut/Erth      0%         N/A       77%         2
 Sublimation of Blood     Necr           0%         N/A       77%         2
 Confusing Touch          Hex            0%         N/A       94%         3
 Dazzling Flash           Conj/Hex       0%         N/A       94%         3
 Sigil of Binding         Hex            0%         N/A       94%         3
 Summon Guardian Golem    Hex/Summ       0%         N/A       94%         3
 Swiftness                Air            0%         N/A       94%         3
 Vampiric Draining        Necr           0%         2d6       94%         3
 Volatile Blastmotes      Fire/Tloc      0%         2d10      94%         3
 Brom's Barrelling Bould  Conj/Erth      0%         2d3       100%        4
 Dispel Undead            Necr           0%         3d6       100%        4
 Petrify                  Tmut/Erth      0%         N/A       100%        4
 Fireball                 Conj/Fire      0%         3d3       100%        5
 Irradiate                Conj/Tmut      0%         3d11      100%        5
 Iskenderun's Battlesphe  Conj           0%         2d6       100%        5
 Conjure Ball Lightning   Conj/Air       0%         3x3d6     100%        6
 Death Channel            Necr           0%         N/A       100%        6
 Starburst                Conj/Fire      0%         6d3       100%        6
 Orb of Destruction       Conj           0%         9d5       100%        7
 Spellforged Servitor     Conj/Summ      0%         N/A       100%        7
 Maxwell's Capacitive Co  Air            0%         ∞         100%        8


Dungeon Overview and Level Annotations

Branches:
Dungeon (12/15)            Temple (1/1) D:7            Lair (5/5) D:10
  Swamp (0/4) Lair:3       Spider (0/4) Lair:3        Slime (0/5) Lair:5
    Orc: D:9-12

Altars:
Ashenzari
Cheibriados
Dithmenos
Elyvilon
Fedhas
Gozag
Hepliaklqana
Kikubaaqudgha
Makhleb
Nemelex Xobeh
Okawaru
Qazlal
Ru
Sif Muna
Trog
Uskayaw
Vehumet
Wu Jian
Xom
Yredelemnul
Zin
The Shining One

Shops:
D:1 :   D:10 !

Annotations:
D:12 Jorgrun
Lair:3 2 transporters, Dinodghad's ghost, journeyman GrEE
Lair:4 1 runed translucent door, Uzysm's ghost, journeyman DsBe
Lair:5 1 runed translucent door


Innate Abilities, Weirdness & Mutations

You have razor-sharp teeth.
Your natural rate of healing is unusually fast.
When hurt, damage is shared between your health and your magic reserves.
Your bite disrupts and absorbs the magic of your enemies.
Potions cannot restore your health.


Message History

The gnoll is no longer paralysed.
The kobold demonologist is no longer paralysed.
The kobold is no longer paralysed. x2; The white imp is no longer paralysed.
The boggart casts a spell.
The boggart flickers and vanishes!
The boggart mumbles some strange words.
The boggart flickers and vanishes!
The orc wizard barely misses you.
The kobold demonologist mumbles some strange words.
Jorgrun gestures at you while chanting.
Roots burst forth from the earth!
The grasping roots grab you! The grasping roots constrict you.
* * * LOW HITPOINT WARNING * * *
The orc wizard attacks as it pursues you!
You block the orc wizard's attack.
Unknown command.
You hit the orc wizard. You bite the orc wizard.
The orc wizard's magic leaks into the air.
You drain its magic.
The orc wizard is heavily wounded.
Jorgrun points next to you and mumbles some strange words.
Some rock shatters into small pieces.
The grasping roots constrict you!
* * * LOW HITPOINT WARNING * * *
You hit the orc wizard but do no damage.
Lightning courses through the orc wizard!
You kill the orc wizard!
The orc wizard's corpse dissolves into shadows!
Uskayaw will force your foes to share their pain.
Uskayaw links your audience in an emotional bond!
Unknown command.
You hit the orc. Your bite misses the orc.
The orc is heavily wounded.
The kobold demonologist miscasts a cantrip.
Jorgrun points next to you and mumbles some strange words.
The wall shatters!
The blast of rock fragments hits the orc!!!
The orc dies!
The orc's corpse dissolves into shadows!
The blast of rock fragments hits you!!
You die...

####### ....... .......
.....o{
....4K9###################
....5KKg.@......>.........
....g4...#################
......{#. .....oK##.
....... #. '###### #. #.
#.


You could see Jorgrun (pain bonded), an orange demon (summoned, pain bonded), a
kobold demonologist (summoned, pain bonded), a chaos spawn (summoned, pain
bonded), a gargoyle (pain bonded), an orc priest (summoned, pain bonded), a
gnoll (pain bonded), a white imp (summoned, pain bonded) and 2 kobolds.

Vanquished Creatures
  Gastronok (D:8)
  A dire elephant (Lair:5)
  A fire dragon (Lair:5)
  Erica (D:8)
  6 hydras
  3 two-headed ogres
  4 catoblepae
  20 death yaks
  3 skeletal warriors
  Nergalle (D:12)
  3 skysharks
  Lodul (D:11)
  A swamp dragon (Lair:5)
  A bog body (D:11)
  2 lindwurms
  An oklob plant (D:10)
  2 manticores (Lair:5)
  A cyclops (D:11)
  9 elephants
  7 black mambas
  Maggie (D:7)
  19 cane toads
  4 kobold demonologists
  12 komodo dragons
  13 rime drakes
  Jeremiah (D:8)
  2 hornets
  3 polar bears
  A troll (D:12)
  16 blink frogs
  A dream sheep (Lair:5)
  A vampire (D:9)
  4 wraiths
  3 wyverns
  70 yaks
  4 basilisks
  A human (Lair:5)
  7 vampire mosquitoes (Lair:3)
  5 acid dragons
  20 water moccasins
  Edmund (D:4)
  An ice beast (D:7)
  2 orc warriors (D:10)
  6 black bears
  A sky beast (D:7)
  12 ogres
  14 wolves
  A boggart (D:12)
  2 centaurs
  6 phantoms
  3 kobold brigands
  9 bullfrogs
  A cane toad simulacrum (D:11)
  6 scorpions
  16 wights
  6 killer bees
  An elephant simulacrum (D:11)
  5 electric eels (Lair:2)
  10 howler monkeys
  A bullfrog zombie (D:4)
  6 jellies
  3 orc priests (D:10)
  6 hounds
  2 sleepcaps
  Ijyb (D:3)
  10 iguanas
  4 orc wizards
  Natasha (thrice) (D:2)
  A wolf simulacrum (D:11)
  2 hound zombies (D:4)
  A howler monkey skeleton (D:4)
  3 gnolls (D:3)
  6 adders
  A naga simulacrum (D:11)
  8 river rats (D:5)
  2 shadow imps
  2 white imps (D:7)
  4 ufetubi
  2 adder zombies (D:4)
  An adder skeleton (D:4)
  5 worms
  2 dart slugs
  14 orcs
  9 ball pythons
  7 bats
  9 endoplasms
  5 giant cockroaches
  5 goblins
  7 hobgoblins
  12 jackals
  11 quokkas
  5 frilled lizards
  21 kobolds
  21 rats
  A butterfly (D:1)
563 creatures vanquished.

Notes
Turn   | Place    | Note
-------+----------+-------------------------------------------
     0 | D:1      | gruber the Vine Stalker Fighter began the quest for the
                  | Orb.
     0 | D:1      | Reached XP level 1. HP: 11/11 MP: 2/2
   168 | D:1      | Reached XP level 2. HP: 16/16 MP: 3/3
   522 | D:1      | Found Cetuumm's Book Boutique.
   735 | D:2      | Reached XP level 3. HP: 18/19 MP: 4/4
  1274 | D:2      | Found a hazy altar of Hepliaklqana.
  1380 | D:2      | Noticed Natasha
  1386 | D:2      | Killed Natasha
  1387 | D:2      | Reached XP level 4. HP: 20/23 MP: 5/5
  1896 | D:2      | Noticed Natasha
  1905 | D:2      | Killed Natasha
  2054 | D:2      | Noticed Natasha
  2072 | D:2      | Killed Natasha
  2073 | D:2      | Reached XP level 5. HP: 18/27 MP: 5/6
  2210 | D:3      | Reached skill level 5 in Short Blades
  2255 | D:3      | Noticed Ijyb
  2261 | D:3      | Paralysed by Ijyb for 5 turns
  2276 | D:3      | Paralysed by Ijyb for 2 turns
  2282 | D:3      | Killed Ijyb
  2305 | D:3      | Found a faded altar of an unknown god.
  2830 | D:4      | Noticed a phantom
  2855 | D:4      | Reached XP level 6. HP: 32/32 MP: 7/7
  2981 | D:4      | Reached XP level 7. HP: 35/35 MP: 8/8
  3028 | D:4      | Found an ancient bone altar of Kikubaaqudgha.
  3101 | D:4      | Found a shimmering blue altar of Sif Muna.
  3122 | D:4      | Noticed Edmund
  3241 | D:5      | Entered Level 5 of the Dungeon
  3303 | D:4      | Killed Edmund
  3389 | D:4      | Found a snail-covered altar of Cheibriados.
  3793 | D:5      | Reached skill level 1 in Stealth
  3871 | D:5      | Reached skill level 2 in Stealth
  3898 | D:5      | Reached skill level 3 in Stealth
  3898 | D:5      | Gained mutation: You have razor-sharp teeth. [Vine Stalker
                  | growth]
  3898 | D:5      | Reached XP level 8. HP: 35/39 MP: 9/9
  3902 | D:5      | Reached skill level 4 in Stealth
  3973 | D:5      | Reached skill level 5 in Stealth
  4074 | D:5      | Reached skill level 6 in Stealth
  4229 | D:5      | Reached skill level 7 in Stealth
  4351 | D:5      | Reached skill level 8 in Stealth
  4365 | D:5      | Found a burning altar of Makhleb.
  4367 | D:5      | Noticed a blizzard demon
  4565 | D:6      | Found a broken altar of Ashenzari.
  4737 | D:6      | Identified the +2 orcbow "Ogrebane" {flame, Dex+2}
  4765 | D:6      | Reached XP level 9. HP: 30/46 MP: 9/10
  4993 | D:6      | Identified the +0 robe of the Butterfly {Stlth+}
  5118 | D:6      | Reached skill level 5 in Fighting
  5255 | D:6      | Found an opulent altar of Gozag.
  5880 | D:7      | Noticed a kobold demonologist
  5882 | D:7      | Killed a kobold demonologist
  5979 | D:7      | Found a staircase to the Ecumenical Temple.
  5985 | D:7      | Noticed Maggie
  6018 | D:7      | Killed Maggie
  6036 | Temple   | Entered the Ecumenical Temple
  6044 | Temple   | Became a worshipper of Uskayaw the Reveller
  6064 | D:7      | Reached * piety under Uskayaw
  6065 | D:7      | Reached skill level 1 in Invocations
  6067 | D:7      | Reached ** piety under Uskayaw
  6068 | D:7      | Reached XP level 10. HP: 55/55 MP: 12/12
  6069 | D:7      | Reached *** piety under Uskayaw
  6363 | D:8      | Reached **** piety under Uskayaw
  6374 | D:8      | Noticed Jeremiah
  6642 | D:8      | Noticed Erica
  6656 | D:8      | Killed Erica
  6757 | D:8      | Noticed Gastronok
  6939 | D:8      | Killed Jeremiah
  7000 | D:8      | Found a shadowy altar of Dithmenos.
  7042 | D:8      | Reached ***** piety under Uskayaw
  7161 | D:8      | Found a faded altar of an unknown god.
  7161 | D:8      | Found a glowing silver altar of Zin.
  7169 | D:8      | Found a faded altar of an unknown god.
  7171 | D:8      | Found a sacrificial altar of Ru.
  7173 | D:8      | Found a stormy altar of Qazlal.
  7243 | D:8      | Killed Gastronok
  7244 | D:8      | Reached XP level 11. HP: 37/58 MP: 18/18
  7314 | D:8      | Noticed a two-headed ogre
  7320 | D:8      | Killed a two-headed ogre
  7661 | D:9      | Found a glowing golden altar of the Shining One.
  7663 | D:9      | Noticed an angel
  7898 | D:9      | Found a basalt altar of Yredelemnul.
  7900 | D:9      | Noticed a profane servitor
  8051 | D:9      | Noticed a two-headed ogre
  8061 | D:9      | Killed a two-headed ogre
  8062 | D:9      | Reached skill level 10 in Short Blades
  8436 | D:10     | Entered Level 10 of the Dungeon
  8460 | D:10     | Found a bloodstained altar of Trog.
  8474 | D:10     | Paralysed by a hornet for 2 turns
  8607 | D:10     | Found a staircase to the Lair.
  8613 | D:10     | Noticed an oklob plant
  8637 | D:10     | Found Suekamen's Distillery.
  9028 | D:10     | Reached skill level 9 in Stealth
  9045 | D:10     | Reached XP level 12. HP: 63/63 MP: 19/19
  9227 | D:11     | Noticed Lodul
  9235 | D:11     | Reached skill level 10 in Stealth
  9241 | D:11     | Killed Lodul
  9250 | D:11     | Reached skill level 11 in Stealth
  9309 | D:11     | Reached skill level 12 in Stealth
  9449 | D:11     | Noticed a two-headed ogre
  9456 | D:11     | Killed a two-headed ogre
  9725 | D:11     | Noticed a death yak
  9747 | D:11     | Killed a death yak
  9748 | D:11     | Reached skill level 13 in Stealth
  9777 | D:11     | Reached ****** piety under Uskayaw
  9832 | D:11     | Reached skill level 14 in Stealth
  9883 | D:11     | Reached skill level 1 in Dodging
 10077 | Lair:1   | Entered Level 1 of the Lair of Beasts
 10209 | Lair:1   | Noticed a catoblepas
 10241 | Lair:1   | Killed a catoblepas
 10571 | Lair:1   | Reached skill level 5 in Dodging
 10574 | Lair:1   | Reached XP level 13. HP: 67/67 MP: 20/20
 11235 | Lair:2   | You fall into a shaft and drop 2 floors!
 11435 | Lair:4   | Reached skill level 5 in Armour
 12855 | Lair:3   | Found a hole to the Spider Nest.
 12992 | Lair:3   | Noticed Dinodghad's ghost (journeyman GrEE)
 13008 | Lair:3   | Found a transporter.
 13036 | Lair:3   | Reached XP level 14. HP: 72/72 MP: 21/21
 13223 | Lair:3   | Found a transporter.
 13388 | Lair:3   | Found a staircase to the Swamp.
 14167 | Lair:4   | Found a runed translucent door.
 14173 | Lair:4   | Noticed Uzysm's ghost (journeyman DsBe)
 14339 | Lair:4   | Reached skill level 10 in Armour
 14541 | Lair:5   | Identified the "Toxtid"
 14541 | Lair:5   | Entered Level 5 of the Lair of Beasts
 14621 | Lair:5   | Reached skill level 10 in Invocations
 15335 | Lair:5   | Reached XP level 15. HP: 75/75 MP: 25/25
 15576 | Lair:5   | Found a runed translucent door.
 15580 | Lair:5   | Noticed a tentacled starspawn
 15713 | Lair:5   | Found a staircase to the Slime Pits.
 16059 | Lair:5   | Reached skill level 15 in Stealth
 16183 | Lair:5   | Identified the +4 orcbow "Ezek" {heavy, rC+ Will+ Dex+2}
 18839 | Lair:5   | Reached skill level 16 in Stealth
 19703 | D:12     | Noticed Nergalle
 19704 | D:12     | Noticed Jorgrun
 19722 | D:12     | Killed Nergalle
 19730 | D:12     | Killed from afar by Jorgrun

Illustrated notes

Levels and vault maps discovered:
D:1:      spicycebolla_arrival_clurvy, layout_loops_cross, serial_shops, shop,
          minmay_statues_item
D:2:      layout_basic, basic_altar, uniq_natasha
D:3:      layout_basic, nicolae_ecumenical_snake_handling, kennysheep_potato,
          uniq_ijyb
D:4:      layout_basic, lemuel_tele_altar, kennysheep_slug_shrine,
          kiku_gazebo_pond_becter, serial_undead, serial_undead_a,
          serial_undead_b, serial_undead_a, serial_undead_b,
          chequers_serial_rivers_large_a, lightli_corner_chamber, uniq_edmund
D:5:      lemuel_ratsnest, layout_rooms, makhleb_altar_promises_db
D:6:      layout_gridville, general_overflow_altar, nicolae_ashenzari_skybound
D:7:      layout_loops_cross, minmay_temple_entry_purple_smoke,
          kennysheep_flooded_box, chequers_serial_rivers_micro_c,
          minmay_joined_circles, uniq_maggie
D:8:      layout_cave_pods, grunt_dithmenos_shadows,
          chequers_temple_overflow_minitemple, uniq_gastronok, uniq_erica,
          uniq_jeremiah
D:9:      layout_stronghold, grunt_temple_overflow_holy_war, st_stairs_10
D:10:     layout_roguey, mainiacjoe_overflow_cross_hatched, dpeg_oklobed_lair,
          serial_shops, nicolae_stop_n_shop_1
D:11:     dreamdust_isle_of_ice, layout_cave_pools, uniq_lodul
D:12:     layout_roguey, kennysheep_orc_monster_closet_entryway, uniq_nergalle,
          uniq_jorgrun
Temple:   hellmonk_temple_forest_ring
Lair:1:   layout_roguey, chequers_serial_rivers_micro_e, grunt_megastairs_4
Lair:2:   layout_regular_city, serial_bayou, serial_bayou_pond_c,
          serial_bayou_lagoon_a, serial_bayou_shore_a, serial_bayou_pond_e,
          grunt_megastairs_5
Lair:3:   layout_cave_pods, minmay_swamp_entry_swarm,
          nicolae_spider_entry_non_spiders, gammafunk_ghost_berserking_beasts,
          beast_lair_carwin_5
Lair:4:   layout_gridlike, ebering_ghost_reflecting_pool, st_stairs_5
Lair:5:   hangedman_lair_in_review, layout_regular_city,
          guppyfry_lair_end_dragon, slime_entry_2, pdpol_lair_cabin_in_the_woods

Skill      XL: |  1  2  3  4  5  6  7  8  9 10 11 12 13 14 15 |
---------------+----------------------------------------------+-----
Short Blades   | 2 3 4 5 6 8 11 | 11.2
Stealth        | 3 8 9 14 16 | 16.9
Fighting       | 4 7 |  7.3
Armour         | 4 8 10 | 10.0
Invocations    | 1 9 12 13 | 13.0
Dodging        | 5 8 |  8.1
Shields        | |  2.6

Action                     |  1- 3 |  4- 6 |  7- 9 | 10-12 | 13-15 || total
---------------------------+-------+-------+-------+-------+-------++-------
  Melee: Rapier            |    89 |    72 |       |       |       ||   161
         Bite              |    15 |    71 |   137 |   194 |   484 ||   901
         Dagger            |       |   144 |    42 |       |   483 ||   669
         Short sword       |       |       |   395 |   534 |   634 ||  1563
  Throw: Dart              |       |       |     5 |       |    12 ||    17
 Invoke: Line Pass         |       |       |       |     1 |     4 ||     5
         Stomp             |       |       |       |       |     3 ||     3
    Use: Potion            |       |     1 |       |       |       ||     1
         Scroll            |       |       |       |       |    17 ||    17
   Stab: Sleeping          |       |       |    10 |    22 |    19 ||    51
         Distracted        |       |       |     1 |       |     2 ||     3
         Paralysed         |       |       |       |    32 |    57 ||    89
         Confused          |       |       |       |       |     6 ||     6
         Petrified         |       |       |       |       |     1 ||     1
 Armour: Scale mail        |    58 |    66 |       |       |       ||   124
         Leather armour    |       |    85 |   176 |   171 |       ||   432
         Swamp dragon scal |       |       |       |       |   420 ||   420
  Dodge: Dodged            |    36 |    75 |   117 |   100 |   342 ||   670
  Block: Buckler           |    19 |    49 |    92 |   129 |   306 ||   595
         Reflection        |       |       |     1 |     3 |     1 ||     5

Table legend: (Time is in decaauts)
 A = Elapsed time spent in this place.
 B = Non-inter-level travel time spent in this place.
 C = Inter-level travel time spent in this place.
 D = Time resting spent in this place.
 E = Time spent auto-exploring this place.
 F = Levels seen in this place.
 G = Mean time per level.
                   A        B        C        D        E       F      G
               +--------+--------+--------+--------+--------+-----+--------+
         Total |  18864 |  17488 |   1376 |   2755 |  11122 |  18 | 1048.0 |
       Dungeon |  10167 |   9150 |   1017 |    201 |   6903 |  12 |  847.2 |
        Temple |     16 |      1 |     15 |      0 |      0 |   1 |   16.0 |
          Lair |   8680 |   8336 |    344 |   2553 |   4219 |   5 | 1736.0 |
               +--------+--------+--------+--------+--------+-----+--------+

Top non-repeatable levels by time:
  Lair:5: 4439 daAuts
     D:2: 1443 daAuts
  Lair:4: 1255 daAuts
  Lair:2: 1101 daAuts
  Lair:3: 993 daAuts
     D:8: 971 daAuts
     D:9: 967 daAuts
  Lair:1: 890 daAuts
     D:4: 889 daAuts
     D:7: 865 daAuts
    D:10: 859 daAuts
     D:6: 845 daAuts
    D:11: 777 daAuts
     D:3: 760 daAuts
     D:1: 719 daAuts
